 Dungeon Crawl Stone Soup version 0.31-a0-799-g6bc09d010c (webtiles) character file.

Game seed: 8812998082946297024

199 Turgor the Changeling (level 4, -2/30 HPs)
             Began as an Octopode Shapeshifter on Sept 19, 2023.
             Was a Follower of Ru.
             Slain by a wyvern (12 damage)
             ... on level 4 of the Dungeon.
             The game lasted 00:11:56 (3124 turns).

Turgor the Changeling (Octopode Shapeshifter)       Turns: 3124, Time: 00:11:57

Health: -2/30      AC:  1    Str: 13    XL:     4   Next: 77%
Magic:  4/4        EV: 13    Int: 14    God:    Ru [*.....]
Gold:   196        SH:  0    Dex: 12    Spells: 3/3 levels left

rFire   . .          .
                       - Unarmed
rCold   . . .        (no shield)
rNeg    . . .        (helmet currently unavailable)
rPois   .            e - amulet of the acrobat
rElec   .            (no ring)
rCorr   .            (no ring)
SInv    .            (no ring)
Will    .....        (no ring)
Stlth   ++           (no ring)
HPRegen 0.25/turn    (no ring)
MPRegen 0.09/turn    (no ring)
                     (no ring)

%: acrobat
@: beast-form
A: beast (slay +2), almost no armour, amphibious, 8 rings, camouflage 1,
gelatinous body 1, inexperienced 1, (nimble swimmer 1), tentacles
a: Begin Untransformation, Renounce Religion


You were on level 4 of the Dungeon.
You worshipped Ru.
Ru was aware of your devotion.
You were a hulking beast.
You visited 1 branch of the dungeon, and saw 4 of its levels.

You collected 196 gold pieces.

Inventory:

Hand Weapons
 p - a +2 dagger of speed
Missiles
 g - 45 stones
 l - 14 poisoned darts
Jewellery
 e - an amulet of the acrobat (around mantle)
Talismans
 b - a beast talisman (active)
 c - a flux talisman
Scrolls
 h - a scroll of fear {unknown}
 k - a scroll of noise
 n - a scroll of amnesia
 o - a scroll of fog {unknown}
Potions
 a - a potion of lignification
 d - 4 potions of brilliance
 f - a potion of magic
 i - 2 potions of curing
 j - a potion of might
 m - a potion of degeneration {unknown}
 r - a potion of mutation {unknown}


   Skills:
 + Level 2.4 Fighting
 + Level 3.0 Dodging
 + Level 3.9 Unarmed Combat
 * Level 4.3 Shapeshifting


You had 3 spell levels left.
You didn't know any spells.
Your spell library contained the following spells:

 Spells                   Type           Power      Damage    Failure   Level
 Sandblast                Erth           0%         2d4       28%         1
 Passwall                 Tmut/Erth      0%         N/A       41%         2
 Stone Arrow              Conj/Erth      0%         3d7       65%         3
 Brom's Barrelling Bould  Conj/Erth      0%         2d3       96%         4


Dungeon Overview and Level Annotations

Branches:
Dungeon (4/15)
 Temple: D:4-7

Altars:
Ru

Annotations:
D:4 Sigmund


Innate Abilities, Weirdness & Mutations

You are a hulking beast.
Your limbs bulge with bestial killing power. (Slay +2)
You cannot wear most types of armour.
You are amphibious.
You can wear up to eight rings at the same time.
Your skin changes colour to match your surroundings (Stealth+).
Your rubbery body absorbs attacks. (AC +1, EV +1)
You are somewhat inexperienced. (-1 XL)
((You are camouflaged when in or above water. (Stealth+)))
You have tentacles for arms and can constrict up to eight enemies at once.


Message History

You throw a throwing net. The throwing net hits the wyvern.
The wyvern is caught in the net!
The wyvern struggles against the net.
You tentacle-slap the wyvern but do no damage.
You squeeze the wyvern.
The wyvern is moderately wounded.
The wyvern struggles against the net. x2
You completely miss the wyvern.
You squeeze the wyvern, but do no damage.
The wyvern is moderately wounded.
The wyvern struggles against the net.
You strike the helpless wyvern from behind!
You tentacle-slap the wyvern but do no damage.
The wyvern is moderately wounded.
The wyvern struggles against the net.
The net rips apart, and the wyvern comes free!
You tentacle-slap the wyvern but do no damage.
The wyvern is moderately wounded.
The wyvern bites you! The wyvern barely misses you.
You barely miss the wyvern.
Your tentacle-slap misses the wyvern.
The wyvern is moderately wounded.
The wyvern misses you.
You closely miss the wyvern.
The wyvern is moderately wounded.
The wyvern misses you. x2
You bludgeon the wyvern!
Your tentacle-slap misses the wyvern.
You squeeze the wyvern!
The wyvern is severely wounded.
The wyvern closely misses you.
You tentacle-slap the wyvern.
The wyvern is severely wounded.
The wyvern barely misses you.
You closely miss the wyvern. Your squeeze misses the wyvern.
The wyvern is severely wounded.
The wyvern barely misses you. The wyvern bites you!
Ouch! That really hurt!
* * * LOW HITPOINT WARNING * * *
Unknown command.
It was a potion of curing.
You feel better. The wyvern bites you!
You die...

#. ..# . #.###.#
#.. ...#...#.# #.#
.# #...l.#.####.#
..#.###.....##.#
..#...#.###.##.#
......#...#.##.#
..........#.##.#
####.#......l#h#
######.#.#####.#l##
#.................#
@......#.....#.#..#
##.#####.....#+#..#
. #....†.....#
.#######..........#
...#.'............#
#'#.###..........#


You could see a wyvern.

Vanquished Creatures
  Jessica (D:3)
  Robin (D:3)
  3 gnolls (D:3)
  2 adders
  A worm (D:4)
  4 dart slugs
  4 orcs
  6 ball pythons
  5 bats
  7 endoplasms
  4 giant cockroaches
  9 goblins
  9 hobgoblins
  12 jackals
  2 quokkas
  7 frilled lizards
  14 kobolds
  6 rats
97 creatures vanquished.

Notes
Turn   | Place    | Note
-------+----------+-------------------------------------------
     0 | D:1      | Turgor the Octopode Shapeshifter began the quest for the
                  | Orb.
     0 | D:1      | Reached XP level 1. HP: 13/13 MP: 1/1
   104 | D:1      | Reached XP level 2. HP: 13/18 MP: 2/2
   389 | D:1      | Reached XP level 3. HP: 23/23 MP: 3/3
  1214 | D:2      | Found a sacrificial altar of Ru.
  1221 | D:2      | Became a worshipper of Ru the Awakened
  1619 | D:2      | Reached XP level 4. HP: 29/29 MP: 4/4
  2033 | D:3      | Noticed Robin
  2284 | D:3      | Killed Robin
  2424 | D:3      | Noticed Jessica
  2426 | D:3      | Killed Jessica
  2427 | D:3      | Reached skill level 4 in Shapeshifting
  2427 | D:3      | Reached XP level 5. HP: 34/34 MP: 5/5
  2698 | D:3      | Gained mutation: You are somewhat inexperienced. (-1 XL)
                  | [Ru sacrifice]
  2698 | D:3      | Reached XP level 4. HP: 30/30 MP: 4/4
  2698 | D:3      | Reached * piety under Ru
  3097 | D:4      | Noticed Sigmund
  3103 | D:4      | Noticed a wyvern
  3124 | D:4      | Slain by a wyvern

Illustrated notes

Levels and vault maps discovered:
D:1:      denvon_arrival_waterhouse, layout_basic
D:2:      wad_pebble_path, layout_loops_corners, basic_altar,
          serial_bayou_pond_d
D:3:      layout_basic, uniq_jessica, uniq_robin
D:4:      nicolae_cairo_tiling_large, layout_basic, hangedman_decor_points,
          uniq_sigmund

Skill      XL: |  1  2  3  4 |
---------------+-------------+-----
Fighting       | 2 |  2.4
Shapeshifting  | 4 |  4.3
Dodging        | 3 |  3.0
Unarmed Combat | |  3.9

Action                     |  1- 3 |  4- 6 || total
---------------------------+-------+-------++-------
  Melee: Unarmed           |    82 |    90 ||   172
         Tentacles         |    12 |    20 ||    32
         Constrict         |    27 |    25 ||    52
         Punch             |     2 |     1 ||     3
  Throw: Stone             |     2 |     9 ||    11
         Throwing net      |       |     1 ||     1
         Dart              |       |     6 ||     6
 Invoke: Sacrifice Experie |       |     1 ||     1
    Use: Scroll            |       |     5 ||     5
         Potion            |       |     1 ||     1
   Stab: Sleeping          |     5 |     8 ||    13
         Held in net/web   |       |     1 ||     1
 Armour: Skin              |    24 |    22 ||    46
  Dodge: Dodged            |    51 |    50 ||   101

Table legend: (Time is in decaauts)
 A = Elapsed time spent in this place.
 B = Non-inter-level travel time spent in this place.
 C = Inter-level travel time spent in this place.
 D = Time resting spent in this place.
 E = Time spent auto-exploring this place.
 F = Levels seen in this place.
 G = Mean time per level.
                   A        B        C        D        E       F      G
               +--------+--------+--------+--------+--------+-----+--------+
         Total |   3113 |   3029 |     84 |     59 |   2195 |   4 |  778.2 |
       Dungeon |   3113 |   3029 |     84 |     59 |   2195 |   4 |  778.2 |
               +--------+--------+--------+--------+--------+-----+--------+

Top non-repeatable levels by time:
     D:2: 1151 daAuts
     D:3: 908 daAuts
     D:1: 896 daAuts
     D:4: 157 daAuts
